 Dungeon Crawl Stone Soup version 0.30-a0-586-g23e55c9e0a (webtiles) character file.

Game seed: 12790435076434709241

20 Sabo the Trooper (level 2, 24/24 HPs)
             Began as a Demonspawn Berserker on Jan 3, 2023.
             Was a Follower of Trog.
             Got out of the dungeon alive.
             The game lasted 00:02:31 (530 turns).

Sabo the Trooper (Demonspawn Berserker)              Turns: 530, Time: 00:02:32

Health: 24/24      AC:  2    Str: 17    XL:     2   Next: 58%
Magic:  2/2        EV: 12    Int:  8    God:    Trog [*.....]
Gold:   0          SH:  0    Dex: 12    Spells: 1/1 levels left

rFire   . . .      SeeInvis .    a - +0 hand axe
rCold   . . .      Faith    .    (no shield)
rNeg    . . .      Spirit   .    b - +0 animal skin
rPois   .          Reflect  .    (no helmet)
rElec   .          Harm     .    (no cloak)
rCorr   .          Rampage  .    (no gloves)
Will    .....                    (no boots)
Stlth   +                        (no amulet)
HPRegen 0.24/turn                (no ring)
MPRegen 0.08/turn                (no ring)

@: no status effects
A: demonic magic 1
a: Renounce Religion, Berserk


You escaped.
You worshipped Trog.
Trog was aware of your devotion.
You visited 1 branch of the dungeon, and saw 1 of its levels.

Inventory:

Hand Weapons
 a - a +0 hand axe (weapon)
Armour
 b - a +0 animal skin (worn)
Jewellery
 d - a ring of willpower
Scrolls
 c - a scroll of identify {unknown}


   Skills:
 + Level 3.3 Fighting
 + Level 3.1 Axes
 + Level 1.9 Armour
 + Level 1.9 Dodging


You had one spell level left.
You didn't know any spells.
Your spell library was empty.

Dungeon Overview and Level Annotations

Branches:
Dungeon (1/15)

Altars:


Innate Abilities, Weirdness & Mutations

Spells you cast may paralyse adjacent enemies.


Message History

You kill the ball python!
Trog accepts your kill. The quokka barely misses you.
You barely miss the quokka. The quokka closely misses you.
You barely miss the quokka. The quokka bites you.
The quokka closely misses you.
You hit the quokka.
The quokka is severely wounded.
The quokka bites you.
You hit the quokka.
You kill the quokka!
Trog accepts your kill.
You see here a quokka corpse.
Found a book of Callings.
Found a stone staircase leading down.
Found a cyan potion.
You see here a book of Callings.
Found a tubular iron ring.
There is a stone staircase leading down here.
d - a ring of willpower A goblin comes into view.
It is wielding a +0 club.
The goblin shouts!
You closely miss the goblin. The goblin barely misses you.
You hit the goblin.
The goblin is heavily wounded.
The goblin hits you with a +0 club.
You closely miss the goblin.
The goblin is heavily wounded.
The goblin closely misses you.
You barely miss the goblin.
The goblin is heavily wounded.
The goblin hits you with a +0 club.
You hit the goblin.
You kill the goblin!
Trog accepts your kill.
You see here a +0 club.
There is a staircase leading out of the dungeon here.
You can't go down here!
Are you sure you want to leave the Dungeon?
This will make you lose the game!
You have escaped!

#.# .###...# #.# .##....# #.#
##..†.. #.# #_.... #.# ♣♣♣ #.....
#.# ♣♣♣♣♣♣♣♣♣♣.♣ #.....
#.######♣♣♣♣.♣♣.♣♣.♣.♣....###....
#........♣..♣.....♣.♣.♣.#...#....
######.#...♣....@..♣♣..♣#...##...
#.#♣♣♣♣.♣....♣♣ ♣♣♣#....#... #.#
♣♣♣♣..♣♣ #...###.. #.# ♣♣♣♣
#...#.#.. #.# #.....#.† #.#
#..##.... #.# #######........ #.#
#..............
#.############..............


There were no monsters in sight!

Vanquished Creatures
  4 ball pythons (D:1)
  An endoplasm (D:1)
  4 giant cockroaches (D:1)
  2 goblins (D:1)
  2 kobolds (D:1)
  2 quokkas (D:1)
15 creatures vanquished.

Notes
Turn   | Place    | Note
-------+----------+-------------------------------------------
     0 | D:1      | Sabo the Demonspawn Berserker began the quest for the Orb.
     0 | D:1      | Reached XP level 1. HP: 18/18 MP: 1/1
   292 | D:1      | Gained mutation: Spells you cast may paralyse adjacent
                  | enemies. [demonic ancestry]
   292 | D:1      | Reached XP level 2. HP: 19/24 MP: 2/2
   419 | D:1      | Found a faded altar of an unknown god.
   530 | D:$      | Got out of the dungeon alive.

Illustrated notes

Levels and vault maps discovered:
D:1:      roderic_dead_forest, layout_basic, hellmonk_ecumenical_altar_zigzags,
          nrook_loot_triangle, minmay_misc_feat_columns,
          minmay_shallow_snake_nest

Skill      XL: |  1  2 |
---------------+-------+-----
Axes           | 3 |  3.1
Fighting       | |  3.3
Armour         | |  1.9
Dodging        | |  1.9

Action                   || total
-------------------------++-------
Melee: Hand axe          ||    45
Invok: Berserk           ||     1
Armor: Animal skin       ||     7
Dodge: Dodged            ||    33

Table legend: (Time is in decaauts)
 A = Elapsed time spent in this place.
 B = Non-inter-level travel time spent in this place.
 C = Inter-level travel time spent in this place.
 D = Time resting spent in this place.
 E = Time spent auto-exploring this place.
 F = Levels seen in this place.
 G = Mean time per level.
                   A        B        C        D        E       F      G
               +--------+--------+--------+--------+--------+-----+--------+
         Total |    541 |    541 |      0 |    118 |      0 |   1 |  541.0 |
       Dungeon |    541 |    541 |      0 |    118 |      0 |   1 |  541.0 |
               +--------+--------+--------+--------+--------+-----+--------+

Top non-repeatable levels by time:
     D:1: 541 daAuts
